 Dungeon Crawl Stone Soup version 0.19-a0-519-gb6a5606 (webtiles) character file.

87 Ordine the Sneak (level 4, -6/28 HPs)
             Began as an Octopode Transmuter on June 7, 2016.
             Killed from afar by an adder (33 damage)
             ... with an exploding inner flame
             ... hexed by the player character
             ... on level 3 of the Dungeon.
             The game lasted 00:07:16 (2357 turns).

Ordine the Sneak (Octopode Transmuter)              Turns: 2357, Time: 00:07:17

Health: -6/28      AC:  2    Str:  9    XL:     4   Next: 51%
Magic:  4/7        EV: 19    Int: 16    God:
Gold:   107        SH:  0    Dex: 17    Spells: 2 memorised, 0 levels left

rFire  . . .     SeeInvis .       - Unarmed
rCold  . . .     Gourm    .     (shield currently unavailable)
rNeg   . . .     Faith    .     (helmet currently unavailable)
rPois  x         Spirit   .     (no amulet)
rElec  .         Dismiss  .     (no ring)
rCorr  .         Reflect  .     (no ring)
SustAt .         Harm     .     (no ring)
MR     .....                    (no ring)
Stlth  +++.......               (no ring)
                                (no ring)
                                (no ring)
                                (no ring)

@: spider-form, not resistant to hostile enchantments, fairly stealthy
A: almost no armour, (amphibious), 8 rings, (constrict 8), (camouflage 0),
(gelatinous body 0)
a: End Transformation


You were on level 3 of the Dungeon.
You were not hungry.
You were a venomous arachnid creature.
You visited 1 branch of the dungeon, and saw 3 of its levels.

You collected 107 gold pieces.

Inventory:

Hand Weapons
 f - a +2 dagger of venom
Jewellery
 d - an uncursed amulet of harm
Scrolls
 h - a scroll of amnesia
 m - a scroll of remove curse {unknown}
Potions
 a - a potion of heal wounds
 e - a potion of resistance
 i - a potion of cancellation
 k - a potion of cure mutation
Books
 b - a book of Changes

   Spells                             Type                      Level
   a - Beastly Appendage              Transmutation                1
   b - Sticks to Snakes               Transmutation                2
   c - Spider Form                    Transmutation/Poison         3
   d - Ice Form                       Ice/Transmutation            4
   e - Blade Hands                    Transmutation                5
Comestibles
 c - 3 bread rations
 g - 5 chunks of flesh
 j - a meat ration


   Skills:
 - Level 1.0 Fighting
 - Level 2.0 Dodging
 + Level 4.0 Stealth
 - Level 3.0 Unarmed Combat
 - Level 2.0 Spellcasting
 * Level 3.4 Transmutations
 + Level 0.2 Ice Magic


You couldn't memorise any spells.
You knew the following spells:

 Your Spells              Type           Power        Failure   Level  Hunger
a - Spider Form           Tmut/Pois      #.........   56%         3    ###....
b - Ice Form              Ice/Tmut       #.......     98%         4    #####..


Dungeon Overview and Level Annotations

Branches:
Dungeon (3/15)

Altars:


Innate Abilities, Weirdness & Mutations

You cannot wear most types of armour.
((You are amphibious.))
You can wear up to eight rings at the same time.
((You can use your tentacles to constrict eight enemies at once.))
((Your skin changes colour to match your surroundings (Stealth+).))
((Your rubbery body absorbs attacks. (AC +1)))


Message History

The hobgoblin is moderately wounded.
The hobgoblin misses you. The adder bites you but does no damage.
Number of times to repeat, then command key: You must enter the number of times for the command to repeat.
You barely miss the hobgoblin.
The hobgoblin is moderately wounded.
The adder barely misses you.
Ordine's ghost says very slowly, "There's no hope."
Ordine's ghost hits you.
The hobgoblin hits you but does no damage.
You closely miss the hobgoblin.
The hobgoblin is severely wounded.
The hobgoblin explodes!
The fiery explosion engulfs Ordine's ghost.
Ordine's ghost explodes!
The fiery explosion engulfs the adder.
The adder explodes!
The fiery explosion engulfs you!
Ouch! That really hurt!
You die...

##.....................
........................
##......................
##.....[................
.#......................
.#......................
.#.............§§§§.....
.#.......>.....§§§§.....
.#.............§s§§.....
.#............?.§.§.....
.#......................
.# ####..$...<.#########
.# #.)......# ........#
....... .....


There were no monsters in sight!

Vanquished Creatures
  Crazy Yiuf (D:2)
  An adder (D:2)
  An ooze (D:1)
  A worm (D:2)
  A dart slug (D:1)
  5 bats
  A giant cockroach (D:1)
  5 goblins
  5 jackals
  7 kobolds
  A quokka (D:2)
  5 giant newts
  5 rats
39 creatures vanquished.

Notes
Turn   | Place    | Note
--------------------------------------------------------------
     0 | D:1      | Ordine the Octopode Transmuter began the quest for the Orb.
     0 | D:1      | Reached XP level 1. HP: 13/13 MP: 3/3
    28 | D:1      | Reached skill level 1 in Stealth
    53 | D:1      | Reached XP level 2. HP: 18/18 MP: 3/5
   118 | D:1      | Reached skill level 2 in Stealth
   452 | D:1      | Reached XP level 3. HP: 23/23 MP: 6/6
   462 | D:1      | Learned a level 3 spell: Spider Form
   776 | D:2      | Reached skill level 3 in Stealth
   815 | D:2      | Noticed Crazy Yiuf
   827 | D:2      | Paralysed by Crazy Yiuf for 2 turns
   830 | D:2      | Killed Crazy Yiuf
   830 | D:2      | Reached XP level 4. HP: 20/28 MP: 1/7
  1394 | D:2      | Learned a level 4 spell: Ice Form
  2229 | D:3      | Reached skill level 4 in Stealth
  2346 | D:3      | Noticed Ordine's ghost (amateur DEWz)
  2357 | D:3      | Killed Ordine's ghost
  2357 | D:3      | Killed from afar by an adder

Vault maps used:
D:1:      lightli_arrival_chessboard
D:2:      minmay_misc_feat_pillars, minmay_hedge_maze, minmay_door_square,
          uniq_crazy_yiuf_cottage
D:3:      gup_sewer_entry_glass, st_stairs_4

Skill      XL: |  1  2  3  4 |
---------------+-------------+-----
Stealth        | 1 2 3 4 |  4.0
Transmutations | 3 |  3.4
Fighting       | |  1.0
Dodging        | |  2.0
Unarmed Combat | |  3.0
Spellcasting   | |  2.0
Ice Magic      | |  0.2

Action                   |  1- 3 |  4- 6 || total
-------------------------+-------+-------++-------
Melee: Unarmed           |    50 |    49 ||    99
       Constrict         |    10 |     6 ||    16
       Tentacles         |     6 |     4 ||    10
       Kick              |     2 |       ||     2
 Cast: Beastly Appendage |     3 |       ||     3
       Spider Form       |     1 |     4 ||     5
  Use: Scroll            |     5 |     4 ||     9
       Potion            |     1 |     1 ||     2
 Stab: Sleeping          |     6 |     3 ||     9
  Eat: Chunk             |       |     4 ||     4
       Beef jerky        |       |     1 ||     1
Armor: Skin              |    14 |     4 ||    18
Dodge: Dodged            |    27 |    31 ||    58
